 Dungeon Crawl Stone Soup version 0.29.1-1-gd02db6906a (webtiles) character file.

Game seed: 10960772262809823148

813 mortz the Sneak (level 8, -2/42 HPs)
             Began as a Kobold Earth Elementalist on Sept 25, 2022.
             Slain by an orc warrior
             ... wielding a +0 long sword
              (3 damage)
             ... on level 5 of the Dungeon.
             The game lasted 00:28:34 (7541 turns).

mortz the Sneak (Kobold Earth Elementalist)         Turns: 7541, Time: 00:28:35

Health: -2/42      AC:  6    Str: 11    XL:     8   Next: 15%
Magic:  10/16      EV: 14    Int: 18    God:
Gold:   259        SH:  5    Dex: 14    Spells: 11/17 levels left

rFire   + . .      SeeInvis .   c - +1 dagger
rCold   + + +      Faith    .   (no shield)
rNeg    + . .      Spirit   .   r - +2 leather armour {rF+}
rPois   .          Reflect  +   (no helmet)
rElec   +          Harm     .   p - +0 cloak
rCorr   .          Rampage  .   (no gloves)
Will    .....                   (no boots)
Stlth   ++++......              n - amulet of reflection
HPRegen 0.14/turn               e - ring of Zukk {Fly rElec rC+++ Str+6 Dex-2}
MPRegen 0.15/turn               j - ring of positive energy

@: flying
A: small, no large weapons, nightstalker 3
a: no special abilities


You were on level 5 of the Dungeon.
You visited 1 branch of the dungeon, and saw 5 of its levels.

You collected 259 gold pieces.

Inventory:

Hand Weapons
 c - a +1 dagger (weapon)
 h - a +0 hand axe
 s - a +0 dagger
 t - a +0 falchion of holy wrath
Armour
 a - a +0 robe
 p - a +0 cloak (worn)
 r - a +2 leather armour of fire resistance (worn)
Jewellery
 e - the ring of Zukk (left hand) {Fly rElec rC+++ Str+6 Dex-2}
   (You found it on level 3 of the Dungeon)

   [ring of strength]

   Str:       It affects your strength (+6).
   Dex:       It affects your dexterity (-2).
   rC:        It renders you almost immune to cold.
   rElec:     It insulates you from electricity.
   Fly:       It grants you flight.
 j - a ring of positive energy (right hand)
 n - an amulet of reflection (around neck)
Wands
 q - a wand of charming (6)
Scrolls
 i - 2 scrolls of teleportation
 m - a scroll of fog
Potions
 b - a potion of magic
 d - 3 potions of brilliance
 f - 3 potions of might
 g - 2 potions of flight
 k - a potion of ambrosia {unknown}
 l - a potion of mutation {unknown}
 o - a potion of curing {unknown}


   Skills:
 + Level 0.7 Fighting
 + Level 2.3 Short Blades
 + Level 3.0 Dodging
 + Level 5.7 Stealth
 + Level 0.1 Shields
 + Level 5.4 Spellcasting
 * Level 1.9 Conjurations
 + Level 1.0 Transmutations
 + Level 5.5 Earth Magic


You had 11 spell levels left.
You knew the following spells:

 Your Spells              Type           Power      Damage    Failure   Level
a - Sandblast             Erth           48%        2d12      1%          1
b - Passwall              Tmut/Erth      13%        N/A       7%          2
c - Stone Arrow           Conj/Erth      36%        3d9       11%         3

Your spell library contained the following spells:

 Spells                   Type           Power      Damage    Failure   Level
 Static Discharge         Conj/Air       8%         3-4/arc   17%         2
 Blink                    Tloc           8%         N/A       26%         2
 Petrify                  Tmut/Erth      16%        N/A       41%         4
 Lightning Bolt           Conj/Air       4%         1d15      97%         5
 Manifold Assault         Tloc           4%         N/A       99%         5
 Storm Form               Tmut/Air       3%         N/A       100%        7
 Maxwell's Capacitive Co  Air            2%         ∞         100%        8


Dungeon Overview and Level Annotations

Branches:
Dungeon (5/15) Zot: 22385
 Temple: D:4-7

Altars:
Ashenzari
Dithmenos
Nemelex Xobeh
Yredelemnul


Innate Abilities, Weirdness & Mutations

You are small and have problems with some larger weapons.
You are completely attuned to the shadows.


Message History

An orc priest comes into view. It is wielding a +0 falchion.
An orc warrior comes into view. It is wielding a +0 long sword.
The blast of sand hits the orc priest!
The orc priest is heavily wounded.
The orc priest shouts!
The orc warrior shouts!
You hear a shout!
An orc comes into view. It is wielding a +0 club.
The blast of sand hits the orc priest!
You kill the orc priest!
The blast of sand hits the orc warrior but does no damage.
The blast of sand hits the orc warrior but does no damage.
The orc warrior hits you with a +0 long sword.
The blast of sand hits the orc warrior but does no damage.
The orc warrior closely misses you.
The blast of sand hits the orc warrior but does no damage.
The orc warrior hits you with a +0 long sword!!
The orc warrior barely misses you.
You are too injured to fight recklessly!
Aiming: Sandblast (safe; 1% risk of failure)
Press: ? - help, Q - select action, (/) - cycle Shift-Dir - straight line, f/p - orc warrior
Aim: an orc warrior, wielding a +0 long sword and wearing a +0 plate armour (83% to hit)
The blast of sand hits the orc warrior but does no damage.
The orc warrior hits you with a +0 long sword!
* * * LOW HITPOINT WARNING * * *
The orc warrior attacks as you move away!
The orc warrior misses you.
The orc warrior attacks as you move away!
The orc warrior hits you with a +0 long sword!
* * * LOW HITPOINT WARNING * * *
Okay, then.
Aiming: Charm
Press: ? - help, Q - select action, (/) - cycle Shift-Dir - straight line, f/p - orc warrior
Aim: an orc warrior, wielding a +0 long sword and wearing a +0 plate armour (chance to affect: 49%)
The orc warrior resists with some effort.
Aiming: Charm
Press: ? - help, Q - select action, (/) - cycle Shift-Dir - straight line, f/p - orc warrior
Aim: an orc warrior, wielding a +0 long sword and wearing a +0 plate armour (chance to affect: 49%)
The orc warrior resists with some effort.
You block the orc's attack.
The orc warrior hits you with a +0 long sword.
You die...

# .## ##.###.##
#8.#.#.8# #.....##
#.....# ###.### #.###
###o..#### .
##.@o..(#.# ##
##........## .###
#....)....# #..##
#...).....#
.#..#########.........#
..#.......[[..........#
..##...#######........#
..##.### #........#
.###.# ##.......#


You could see an orc warrior and an orc.

Vanquished Creatures
  2 water moccasins (D:3)
  An ogre (D:4)
  2 scorpions (D:4)
  A hound (D:4)
  A jelly (D:3)
  2 orc priests (D:5)
  Jessica (D:2)
  2 iguanas (D:3)
  An orc wizard (D:2)
  3 adders
  A shadow imp (D:3)
  A white imp (D:5)
  2 worms (D:3)
  2 dart slugs (D:3)
  17 orcs
  3 bats (D:1)
  6 endoplasms
  3 giant cockroaches
  6 goblins
  15 hobgoblins
  6 jackals
  3 quokkas
  8 ball pythons
  8 frilled lizards
  9 kobolds
  6 rats
112 creatures vanquished.

Vanquished Creatures (others)
  56 plants (D:4)
56 creatures vanquished.

Grand Total: 168 creatures vanquished

Notes
Turn   | Place    | Note
-------+----------+-------------------------------------------
     0 | D:1      | mortz the Kobold Earth Elementalist began the quest for the
                  | Orb.
     0 | D:1      | Reached XP level 1. HP: 10/10 MP: 3/3
     7 | D:1      | Noticed a demonspawn zombie
    11 | D:1      | Noticed a demonspawn zombie
    17 | D:1      | Noticed a demonspawn zombie
   234 | D:1      | Reached XP level 2. HP: 12/15 MP: 0/5
  1139 | D:2      | Reached XP level 3. HP: 19/19 MP: 4/6
  1567 | D:2      | Reached skill level 1 in Short Blades
  1908 | D:2      | Reached XP level 4. HP: 24/24 MP: 5/8
  1977 | D:2      | Noticed Jessica
  2080 | D:2      | Killed Jessica
  2256 | D:2      | Found a faded altar of an unknown god.
  2398 | D:2      | Reached XP level 5. HP: 28/28 MP: 5/10
  3220 | D:2      | Found a faded altar of an unknown god.
  3290 | D:3      | Identified the ring of Zukk {Fly rElec rC+++ Str+6 Dex-2}
  3384 | D:3      | Noticed a water moccasin
  3534 | D:3      | Found a shadowy altar of Dithmenos.
  3547 | D:3      | Killed a water moccasin
  3548 | D:3      | Reached XP level 6. HP: 18/32 MP: 7/12
  4037 | D:3      | Found a broken altar of Ashenzari.
  4167 | D:3      | Learned a level 2 spell: Passwall
  4192 | D:3      | Learned a level 3 spell: Stone Arrow
  4820 | D:3      | Noticed a water moccasin
  4826 | D:3      | Killed a water moccasin
  4827 | D:3      | Reached skill level 5 in Earth Magic
  4827 | D:3      | Reached XP level 7. HP: 34/37 MP: 10/14
  4859 | D:3      | Identified the +1 pair of gloves "Zawnees" {rElec rF++}
  5135 | D:4      | Reached skill level 5 in Stealth
  5135 | D:4      | Reached skill level 5 in Spellcasting
  5383 | D:4      | Found a basalt altar of Yredelemnul.
  5713 | D:4      | Found a sparkling altar of Nemelex Xobeh.
  5748 | D:4      | Reached skill level 1 in Conjurations
  6599 | D:4      | Found a sparkling altar of Nemelex Xobeh.
  6773 | D:4      | Found a basalt altar of Yredelemnul.
  7192 | D:4      | Reached XP level 8. HP: 39/42 MP: 11/15
  7260 | D:5      | Entered Level 5 of the Dungeon
  7539 | D:5      | HP: 1/42 [orc warrior/+0 long sword (12)]
  7541 | D:5      | Slain by an orc warrior

Illustrated notes

Levels and vault maps discovered:
D:1:      shiori_arrival_whats_in_store_for_you, layout_basic
D:2:      cheibrodos_greedy_goblins, layout_basic,
          ebering_ecumenical_altar_hall, uniq_jessica
D:3:      minmay_razor_zed, layout_loops_corners, grunt_dithmenos_smoke,
          mainiacjoe_overflow_cross_hatched
D:4:      layout_loops_ring, mainiacjoe_overflow_catch_the_wave
D:5:      layout_cave_pods, kennysheep_little_box,
          minmay_temple_entry_glassed_door, serial_shops, shop,
          pf_guarded_unrand_meek

Skill      XL: |  1  2  3  4  5  6  7 |
---------------+----------------------+-----
Short Blades   | 1 2 |  2.3
Stealth        | 3 4 5 |  5.7
Spellcasting   | 3 4 5 |  5.4
Earth Magic    | 4 5 |  5.5
Dodging        | 3 |  3.0
Conjurations   | 1 |  1.9
Fighting       | |  0.7
Shields        | |  0.1
Transmutations | |  1.0

Action                   |  1- 3 |  4- 6 |  7- 9 || total
-------------------------+-------+-------+-------++-------
Melee: Dagger            |    16 |    17 |    11 ||    44
 Cast: Sandblast         |    32 |    61 |    51 ||   144
Evoke: Wand              |       |       |     2 ||     2
  Use: Scroll            |     2 |     3 |     4 ||     9
 Stab: Sleeping          |    10 |    12 |    10 ||    32
Armor: Robe              |     2 |     2 |     6 ||    10
       Leather armour    |       |       |     2 ||     2
Dodge: Dodged            |    23 |    29 |    14 ||    66
Block: Other             |       |       |    11 ||    11
